Cogmind - Beta 13 @@@ ROGUE MODE // 2024.05.11 @ 15:57:40 Player: NQH Result: Destroyed by X-67 Chaingunner with Minigun Performance ------------- Evolutions (3) 1500 Regions Visited (9) 1800 Robots Destroyed (37) 185 Value Destroyed (1350) 1350 Prototype IDs (3) 60 Alien Tech Used (0) 0 Bonus (835) 835 TOTAL SCORE: 5730 Bonus ------- Follower Combat Kills 60 Entered DSFs 500 Aligned with FarCom 300 Friendly Fire -25 Cogmind --------- Core Integrity 0/700 Matter 295/300 Energy 7/100 System Corruption 1% Temperature Cool (0) Movement Walking (120) Location -7/DSF Parts ------- > --- POWER (2) -------- (None) > --- PROPULSION (3) --- Improved Carbon-fiber Leg > --- UTILITY (4) ------ Improved Sensor Array Signal Interpreter Advanced Targeting Computer > --- WEAPON (4) ------- Heavy Particle Cannon Heavy Particle Cannon > --- INVENTORY (5) ---- Targeting Computer ECM Suite Improved Utility Shielding Shock Rifle Remote Datajack Peak State ------------ > --- POWER ------------ Light Deuterium Engine Light Angular Momentum Engine > --- PROPULSION ------- Improved Hover Unit Gravmag System Combat Gravmag System > --- UTILITY ---------- Visual Processing Unit Improved Sensor Array Signal Interpreter Advanced Targeting Computer > --- WEAPON ----------- Gatling Laser Gauss Rifle Advanced Assault Cannon Remote Datajack > --- INVENTORY -------- Targeting Computer ECM Suite Improved Utility Shielding Shock Rifle Remote Datajack [Rating: 46] Favorites ----------- Power Light Deuterium Engine Engine Light Deuterium Engine Power Core Light Nuclear Core Propulsion Light Treads Treads Light Treads Leg Improved Carbon-fiber Leg Hover Unit Improved Hover Unit Flight Unit Improved VTOL Module Utility Signal Interpreter Device Improved Sensor Array Storage Small Storage Unit Processor Signal Interpreter Hackware Hacking Suite Protection Improved Utility Shielding Weapon Light Cannon Energy Gun Gatling Laser Energy Cannon Heavy Particle Cannon Ballistic Gun Assault Rifle Ballistic Cannon Light Cannon Launcher Grenade Launcher Special Weapon Remote Datajack Special Melee Weapon Datajack Build | -11 -10 -10 -10 -9 -8 -7 -7 -7 -7 ------- Run | Yrd Mat Min Exi Min Mat Fac Was Fac DSF Slots Evolved 6 | . . . . . 4 2 . . . Power 1 | . . . . . 1 . . . . Propulsion 1 | . . . . . 1 . . . . Utility 2 | . . . . . 1 1 . . . Weapon 2 | . . . . . 1 1 . . . Parts Attached 68 | 6 5 4 . 1 14 25 3 . 10 Power 11 | 1 1 1 . . 3 3 1 . 1 Engine 7 | 1 . 1 . . 2 2 1 . . Core 4 | . 1 . . . 1 1 . . 1 Reactor . | . . . . . . . . . . Propulsion 24 | 2 2 2 . . 5 9 2 . 2 Treads 6 | 2 2 . . . 2 . . . . Leg 2 | . . . . . . . . . 2 Wheel . | . . . . . . . . . . Hover 12 | . . 2 . . . 8 2 . . Flight 4 | . . . . . 3 1 . . . Utility 12 | 1 1 1 . . 4 5 . . . Device 5 | . . 1 . . 2 2 . . . Storage 1 | 1 . . . . . . . . . Processor 3 | . 1 . . . . 2 . . . Hackware 2 | . . . . . 2 . . . . Protection 1 | . . . . . . 1 . . . Artifact . | . . . . . . . . . . Weapon 21 | 2 1 . . 1 2 8 . . 7 Energy Gun 2 | 1 . . . . . 1 . . . Energy Cannon 8 | . . . . . . 2 . . 6 Ballistic Gun 3 | 1 . . . . 1 1 . . . Ballistic Cannon 4 | . 1 . . . . 2 . . 1 Launcher 1 | . . . . 1 . . . . . Special Weapon 2 | . . . . . . 2 . . . Impact Weapon . | . . . . . . . . . . Slashing Weapon . | . . . . . . . . . . Piercing Weapon . | . . . . . . . . . . Special Melee Weapon 1 | . . . . . 1 . . . . Unidentified Prototypes 3 | . . . . . 2 1 . . . Parts Lost 25 | . . . . 1 9 2 . . 13 Power 5 | . . . . . 2 1 . . 2 Propulsion 5 | . . . . 1 . . . . 4 Utility 6 | . . . . . 4 1 . . 1 Weapon 9 | . . . . . 3 . . . 6 Highest Loss Streak 4 | . . . . 1 4 2 . . 4 To Critical Strikes . | . . . . . . . . . . Average Slot Usage (%) 76 | . 97 100 100 85 62 63 92 92 80 Engine 6 | . 2 4 14 14 9 4 7 7 3 Core 3 | . 11 9 . . . . . . 5 Treads 6 | . 28 15 . . . . . . . Hover 9 | . . 12 28 14 . 14 23 23 10 Flight 1 | . . . . . 9 . . . . Device 7 | . . 6 14 14 16 5 7 7 7 Storage 3 | . 14 7 . . . . . . . Processor 14 | . 11 14 14 14 9 17 23 23 23 Energy Gun 2 | . . . . . . 4 7 7 . Energy Cannon 1 | . . . . . . 1 . . 16 Ballistic Gun 6 | . 14 14 14 4 . 4 7 7 2 Ballistic Cannon 8 | . 13 14 14 14 7 4 7 7 2 Launcher 1 | . . . . 10 4 . . . . Special Weapon 1 | . . . . . . 3 7 7 3 Naked Turns . | . . . . . . . . . . Heaviest Build 34 | 12 15 15 10 11 20 28 32 23 34 Greatest Support 46 | 40 40 40 18 12 46 25 30 30 30 Greatest Overweight (x) 10 | . . . . . 2 2 1 . 10 Average Overweight (x) . | . . . . . . . . . 1 Largest Inventory Capacity 8 | 8 8 8 5 5 5 5 5 5 5 Average Capacity 5 | 6 8 6 5 5 5 5 5 5 5 Most Carried 8 | 2 8 8 5 5 5 5 5 5 5 Average Carried 5 | 1 6 6 5 5 4 4 5 5 5 Final Capacity 8 | 8 8 5 5 5 5 5 5 5 5 Final Carried 8 | 2 8 5 5 5 4 5 5 5 5 Class Distribution -------------------- 55% | Mutant 23% | Scavenger-Scout 10% | Scavenger-Skirmisher 7% | Scavenger-Assassin Dominant Class ---------------- Mutant | -10/Materials Mutant | -10/Mines Mutant | -10/Exiles Mutant | -9/Mines Mutant | -8/Materials Scavenger-Scout | -7/Factory Scavenger-Scout | -7/Waste Scavenger-Scout | -7/Factory Scavenger-Skirmisher | -7/DSF Resources | -11 -10 -10 -10 -9 -8 -7 -7 -7 -7 ----------- Run | Yrd Mat Min Exi Min Mat Fac Was Fac DSF Matter Collected 1506 | 217 274 2 . 98 59 599 190 . 67 Remotely . | . . . . . . . . . . Salvage Created 1283 | . 399 . . 24 181 345 . . 334 Parts 88 | . 21 . . 2 17 29 . . 19 Haulers Intercepted 1 | . . . . . 1 . . . . Recyclers Shooed 3 | . 1 . . . 1 1 . . . Parts Field Recycled . | . . . . . . . . . . Retrieved Matter . | . . . . . . . . . . Parts Self-Destructed . | . . . . . . . . . . Prevented . | . . . . . . . . . . Kills | -11 -10 -10 -10 -9 -8 -7 -7 -7 -7 ------- Run | Yrd Mat Min Exi Min Mat Fac Was Fac DSF Combat Hostiles Destroyed 27 | . 6 . . 1 5 9 . . 6 Guns 10 | . 2 . . . 1 7 . . . Cannons 13 | . 4 . . . 1 2 . . 6 AOE 4 | . . . . 1 3 . . . . Classes Destroyed 12 | . 3 . . . 5 2 . . 2 Builder 1 | . . . . . 1 . . . . Hauler 1 | . . . . . 1 . . . . Recycler 2 | . 2 . . . . . . . . Operator 1 | . . . . . 1 . . . . Watcher 5 | . 3 . . . . 2 . . . Swarmer 4 | . . . . . . 4 . . . Cutter 2 | . . . . . . . . . 2 Grunt 11 | . 6 . . 1 3 1 . . . Sentry 1 | . . . . . 1 . . . . Specialist 4 | . . . . . . . . . 4 Hunter 2 | . . . . . 1 1 . . . Programmer 3 | . . . . . . 3 . . . Best Kill Streak 6 | . 6 . . 1 4 5 . . 2 Combat Bots Only 5 | . 4 . . 1 3 5 . . 2 Max Kills in Single Turn 2 | . 1 . . 1 2 2 . . 1 Gunslinging . | . . . . . . . . . . Exploded 2 | . . . . 1 2 . . . . Melee . | . . . . . . . . . . Uniques/NPCs Destroyed . | . . . . . . . . . . Combat | -11 -10 -10 -10 -9 -8 -7 -7 -7 -7 -------- Run | Yrd Mat Min Exi Min Mat Fac Was Fac DSF Hostile Shots Fired 349 | . 31 . . 7 87 109 . . 115 Missed 137 | . 9 . . 2 41 48 . . 37 Damage Taken 3582 | . 297 5 . 123 767 698 . . 1692 Core 1039 | . 49 . . 18 265 335 . . 372 Absorbed by Shields . | . . . . . . . . . . Core Remaining (%) 74 | 100 . . . 73 51 . . . . Volleys Fired 110 | . 25 . . 6 28 29 5 . 17 Largest 4 | . 2 . . 2 3 4 3 . 4 Hottest 300 | . 55 . . 65 85 236 156 . 300 Shots Fired 238 | . 50 1 . 9 42 83 7 . 46 Gun 84 | . 25 . . 1 4 44 2 . 8 Cannon 130 | . 25 1 . 6 28 32 1 . 37 Launcher 12 | . . . . 2 10 . . . . Special 12 | . . . . . . 7 4 . 1 Kinetic 146 | . 50 1 . 7 32 45 2 . 9 Thermal 68 | . . . . . . 31 1 . 36 Explosive 12 | . . . . 2 10 . . . . Electromagnetic . | . . . . . . . . . . Robot Hit Streak 11 | . 8 2 . 3 5 11 5 . 9 Robot Miss Streak 4 | . 3 . . 2 3 4 1 . 2 Penetration Max . | . . . . . . . . . . Secondary Targets . | . . . . . . . . . . Shots Hit Robots 157 | . 34 1 . 5 26 53 5 . 33 Core Hits 77 | . 17 1 . 1 20 28 1 . 9 Critical Kills . | . . . . . . . . . . Critical Parts Destroyed . | . . . . . . . . . . Critical Strikes 2 | . 2 . . . . . . . . Blast 2 | . 2 . . . . . . . . Melee Attacks 2 | . . . . . 2 . . . . Impact . | . . . . . . . . . . Slashing . | . . . . . . . . . . Piercing . | . . . . . . . . . . Sneak Attacks . | . . . . . . . . . . Combat Hostiles . | . . . . . . . . . . Follow-up Attacks . | . . . . . . . . . . Damage Inflicted 3184 | . 573 36 . 112 680 878 61 . 844 Guns 972 | . 214 . . 14 26 563 31 . 124 Cannons 1634 | . 358 25 . 34 220 258 30 . 709 Explosions 496 | . . . . 64 432 . . . . Melee . | . . . . . . . . . . Ramming 82 | . 1 11 . . 2 57 . . 11 Kinetic 1492 | . 572 25 . 48 246 379 30 . 192 Thermal 1114 | . . . . . . 442 31 . 641 Explosive 496 | . . . . 64 432 . . . . Electromagnetic . | . . . . . . . . . . Impact . | . . . . . . . . . . Slashing . | . . . . . . . . . . Piercing . | . . . . . . . . . . Highest Corruption 3 | . 3 3 3 3 . 1 1 1 1 Average Corruption 1 | . 1 3 3 3 . 1 1 1 1 Corruption Purged . | . . . . . . . . . . Corruption Blocked . | . . . . . . . . . . Effects 31 | . 7 7 5 2 . 8 1 . 1 Message Errors 7 | . 3 2 1 . . 1 . . . Matter Fused 7 | . 1 2 2 1 . 1 . . . Heat Flow Errors 3 | . 1 . . 1 . 1 . . . Energy Discharges 5 | . 1 1 1 . . 1 . . 1 Parts Rejected 1 | . . . . . . . 1 . . Parts Fused 1 | . 1 . . . . . . . . Data Loss (minor) 4 | . . 1 1 . . 2 . . . Misfires 2 | . . 1 . . . 1 . . . Alerts 1 | . . . . . . 1 . . . Overload Shots . | . . . . . . . . . . Overflow Damage 47 | . 3 . . . 17 27 . . . Projectiles 37 | . 3 . . . 7 27 . . . Explosions 10 | . . . . . 10 . . . . Melee . | . . . . . . . . . . Knockbacks 7 | . 1 . . . 4 2 . . . Impact . | . . . . . . . . . . Kinetic 7 | . 1 . . . 4 2 . . . Secondary . | . . . . . . . . . . Self-Inflicted Damage 33 | . . 5 . . . 24 . . 4 Shots . | . . . . . . . . . . Rammed 24 | . 1 3 . . 2 12 . . 6 Targets Rammed 24 | . 1 3 . . 2 12 . . 6 Kicked . | . . . . . . . . . . Crushed . | . . . . . . . . . . Highest Temperature 464 | . 94 1 . 147 30 464 84 . 318 Average Temperature 101 | . 23 1 . 37 10 157 45 . 88 Received Heat Transfer 639 | . 186 . . 57 99 108 . . 189 Effects 7 | . . . . . . 4 . . 3 Shutdowns 1 | . . . . . . 1 . . . Energy Bleed 1 | . . . . . . 1 . . . Interference 3 | . . . . . . . . . 3 Damage (major) 2 | . . . . . . 2 . . . Siege Activations . | . . . . . . . . . . Robots Corrupted . | . . . . . . . . . . Combat Hostiles . | . . . . . . . . . . Parts Fried . | . . . . . . . . . . Impact Corruptions . | . . . . . . . . . . Robots Melted . | . . . . . . . . . . Combat Hostiles . | . . . . . . . . . . Parts Melted 2 | . . . . . . 2 . . . Heat Transferred 1963 | . . . . . . 900 75 . 988 Parts Sabotaged . | . . . . . . . . . . Parts Stolen . | . . . . . . . . . . Parts Stripped . | . . . . . . . . . . Power Chain Reactions . | . . . . . . . . . . Alert | -11 -10 -10 -10 -9 -8 -7 -7 -7 -7 ------- Run | Yrd Mat Min Exi Min Mat Fac Was Fac DSF Peak Influence 227 | . 227 . . 104 94 153 31 12 98 Initial 36 | . . . . . 16 36 31 7 8 Average 56 | . 88 . . 63 53 59 26 8 63 Maximum Alert Level 1 | . 1 . . . . . . . . Low Security (%) 97 | 100 83 100 . 100 100 100 100 100 100 Level 1 2 | . 16 . . . . . . . . Level 2 . | . . . . . . . . . . Level 3 . | . . . . . . . . . . Level 4 . | . . . . . . . . . . Level 5 . | . . . . . . . . . . High Security . | . . . . . . . . . . Max Security . | . . . . . . . . . . Squads Dispatched 12 | . . . . . 4 5 . . 3 Investigation 2 | . . . . . . 2 . . . Extermination 3 | . . . . . . 3 . . . Reinforcement 7 | . . . . . 4 . . . 3 Assault . | . . . . . . . . . . Garrison . | . . . . . . . . . . Intercept . | . . . . . . . . . . Searches Triggered . | . . . . . . . . . . Construction Impeded 2 | . . . . . 2 . . . . Haulers Reinforced . | . . . . . . . . . . Active Scanning Responses . | . . . . . . . . . . Cargo Convoy Interrupts . | . . . . . . . . . . Stealth | -11 -10 -10 -10 -9 -8 -7 -7 -7 -7 --------- Run | Yrd Mat Min Exi Min Mat Fac Was Fac DSF Distress Signals 4 | . 2 . . . . 2 . . . Communications Jammed . | . . . . . . . . . . Distress Signals . | . . . . . . . . . . Times Spotted 65 | . 11 . . 4 21 16 1 . 12 Peak Tracking Total 9 | . 7 . . 2 9 4 1 . 6 Tactical Retreats 10 | . 1 . . . 4 3 . . 2 Traps | -11 -10 -10 -10 -9 -8 -7 -7 -7 -7 ------- Run | Yrd Mat Min Exi Min Mat Fac Was Fac DSF Traps Triggered 5 | . 1 . . . 1 3 . . . Indirectly . | . . . . . . . . . . Trap Hack Attempts . | . . . . . . . . . . Triggered . | . . . . . . . . . . Disarmed 1 | . . . . . . 1 . . . Reprogrammed . | . . . . . . . . . . Reused . | . . . . . . . . . . Traps Extracted . | . . . . . . . . . . Installed . | . . . . . . . . . . Triggered . | . . . . . . . . . . Machines | -11 -10 -10 -10 -9 -8 -7 -7 -7 -7 ---------- Run | Yrd Mat Min Exi Min Mat Fac Was Fac DSF Machines Disabled 4 | . . . . 1 1 2 . . . Max in Single Turn 1 | . . . . 1 1 1 . . . Garrison Access 1 | . . . . . 1 . . . . Machines Repaired . | . . . . . . . . . . Machines Dismantled . | . . . . . . . . . . Machines Sabotaged . | . . . . . . . . . . Overloaded Fab Kills . | . . . . . . . . . . Hacking | -11 -10 -10 -10 -9 -8 -7 -7 -7 -7 --------- Run | Yrd Mat Min Exi Min Mat Fac Was Fac DSF Machines Accessed 18 | . 4 . 4 . 4 5 . 1 . Terminals 9 | . 3 . . . 2 3 . 1 . Fabricators 1 | . . . . . . 1 . . . Repair Stations . | . . . . . . . . . . Recycling Units 1 | . 1 . . . . . . . . Scanalyzers 2 | . . . . . 1 1 . . . Garrison Access 1 | . . . . . 1 . . . . Total Hacks 80 | . 12 . 49 . 8 10 . 1 . Successful 68 | . 6 . 49 . 5 7 . 1 . Failed 12 | . 6 . . . 3 3 . . . Catastrophic 3 | . 2 . . . . 1 . . . Database Lockouts . | . . . . . . . . . . Manual 2 | . 2 . . . . . . . . Terminals 20 | . 8 . . . 5 6 . 1 . Fabricators 2 | . . . . . . 2 . . . Repair Stations . | . . . . . . . . . . Recycling Units 4 | . 4 . . . . . . . . Scanalyzers 4 | . . . . . 2 2 . . . Garrison Access 1 | . . . . . 1 . . . . Terminal Hacks 62 | . 5 . 49 . 3 4 . 1 . Record 54 | . 4 . 49 . . 1 . . . Open DSF 2 | . . . . . . 1 . 1 . Alert Level 3 | . 1 . . . 2 . . . . Unreport Threat 1 | . . . . . 1 . . . . Disarm Traps 1 | . . . . . . 1 . . . Dispatch Records 1 | . . . . . . 1 . . . Fabricator Hacks 1 | . . . . . . 1 . . . Load Schematic 1 | . . . . . . 1 . . . Repair Station Hacks . | . . . . . . . . . . Recycling Unit Hacks 1 | . 1 . . . . . . . . Report Inventory 1 | . 1 . . . . . . . . Scanalyzer 3 | . . . . . 1 2 . . . Insert Component 2 | . . . . . 1 1 . . . Analyze 1 | . . . . . . 1 . . . Garrison Access Hacks 1 | . . . . . 1 . . . . Seal Access 1 | . . . . . 1 . . . . Unauthorized Hacks . | . . . . . . . . . . Terminals . | . . . . . . . . . . Fabricators . | . . . . . . . . . . Repair Stations . | . . . . . . . . . . Recycling Units . | . . . . . . . . . . Scanalyzers . | . . . . . . . . . . Garrison Access . | . . . . . . . . . . Data Cores Recovered . | . . . . . . . . . . Used . | . . . . . . . . . . Hacking Detections 7 | . 3 . . . 1 3 . . . Full Trace Events 4 | . 2 . . . . 2 . . . Feedback Events 1 | . 1 . . . . . . . . Corruption 1 | . 1 . . . . . . . . Feedback Blocked . | . . . . . . . . . . Robot Schematics Acquired . | . . . . . . . . . . Robots Built . | . . . . . . . . . . Authchips . | . . . . . . . . . . Time . | . . . . . . . . . . Total Robot Build Rating . | . . . . . . . . . . Part Schematics Acquired 1 | . . . . . . 1 . . . Parts Built . | . . . . . . . . . . Authchips . | . . . . . . . . . . Time . | . . . . . . . . . . Total Part Build Rating . | . . . . . . . . . . Parts Repaired . | . . . . . . . . . . Time . | . . . . . . . . . . Parts Recycled . | . . . . . . . . . . Recycled Matter . | . . . . . . . . . . Retrieved Matter . | . . . . . . . . . . Retrieved Components . | . . . . . . . . . . Parts Scanalyzed 2 | . . . . . 1 1 . . . Part Schematics Acquired 1 | . . . . . . 1 . . . Parts Damaged 1 | . . . . . 1 . . . . Bothacking | -11 -10 -10 -10 -9 -8 -7 -7 -7 -7 ------------ Run | Yrd Mat Min Exi Min Mat Fac Was Fac DSF Used RIF Installer . | . . . . . . . . . . Robots Hacked 6 | . . . . . 2 3 1 . . Non-combat 2 | . . . . . 1 1 . . . Combat 4 | . . . . . 1 2 1 . . Robot Hacks Applied 7 | . . . . . 2 3 2 . . parse_system 6 | . . . . . 1 3 2 . . no_distress 1 | . . . . . 1 . . . . Relay Couplers Released . | . . . . . . . . . . Fabnet Peak Effective % . | . . . . . . . . . . Robots Rewired . | . . . . . . . . . . Allies Hacked . | . . . . . . . . . . Hacks Repelled . | . . . . . . . . . . Allies | -11 -10 -10 -10 -9 -8 -7 -7 -7 -7 -------- Run | Yrd Mat Min Exi Min Mat Fac Was Fac DSF Total Allies 4 | . . 3 . . . . 1 . . Largest Group 3 | . . 3 3 3 . . 1 . . Highest-Rated Group 40 | . . 40 40 37 . . 31 . . Highest-Rated Ally 31 | . . 16 16 16 . . 31 . . Total Orders . | . . . . . . . . . . Ally Attacks 27 | . . . . 17 . . 10 . . Total Damage 328 | . . . . 183 . . 145 . . Kills 2 | . . . . 2 . . . . . Allies Corrupted . | . . . . . . . . . . Allies Melted . | . . . . . . . . . . Intel | -11 -10 -10 -10 -9 -8 -7 -7 -7 -7 ------- Run | Yrd Mat Min Exi Min Mat Fac Was Fac DSF Robot Analysis Total . | . . . . . . . . . . Derelict Logs Recovered 1 | . . . . 1 . . . . . Drone Launches . | . . . . . . . . . . Drone Recoveries . | . . . . . . . . . . Exploration | -11 -10 -10 -10 -9 -8 -7 -7 -7 -7 ------------- Run | Yrd Mat Min Exi Min Mat Fac Was Fac DSF Turns Passed 5755 | 115 960 455 360 147 1088 2149 181 4 296 Spaces Moved 3729 | 67 537 428 582 182 591 955 268 7 112 Core 434 | 2 . . . . 109 315 . . 8 Treads 780 | 65 537 155 . . 23 . . . . Legs 29 | . . . . . . . . . 29 Wheels . | . . . . . . . . . . Hover 2037 | . . 273 582 182 10 640 268 7 75 Flight 449 | . . . . . 449 . . . . Fastest Speed 32 | 50 160 56 56 60 32 50 52 58 58 Average Speed 84 | 156 160 93 56 60 53 73 54 58 150 Slowest Speed 550 | 160 160 160 56 60 160 150 121 58 550 Overloaded Moves . | . . . . . . . . . . Propulsion Burnouts . | . . . . . . . . . . Robots Hopped 14 | . . . . . 14 . . . . Cave-ins Triggered . | . . . . . . . . . . Exploration Rate (%) 50 | 5 52 85 92 44 34 16 86 . 42 Regions Visited 9 Branch Regions 3 Pre-discovered Areas 1 | . . . 1 . . . . . . Known Exits Taken 6 | . 1 1 1 1 1 . . 1 . Unknown Exits Taken 1 | 1 . . . . . . . . . Scrap Searched 1 | . . . . 1 . . . . . Spaces Dug . | . . . . . . . . . . Terrain Destroyed 54 | . . . . 9 39 6 . . . Melee . | . . . . . . . . . . Projectile 7 | . . . . 1 . 6 . . . AOE 47 | . . . . 8 39 . . . . Terrain Rammed . | . . . . . . . . . . Walls Destroyed . | . . . . . . . . . . Machines Disabled . | . . . . . . . . . . Actions | -11 -10 -10 -10 -9 -8 -7 -7 -7 -7 --------- Run | Yrd Mat Min Exi Min Mat Fac Was Fac DSF Total 6103 | 74 587 482 615 209 1306 2341 297 6 186 Wait 2137 | . 8 42 33 21 670 1304 20 . 39 Move 3693 | 66 536 427 581 181 562 955 267 6 112 Hop 14 | . . . . . 14 . . . . Pick Up 21 | 2 7 2 . . 4 6 . . . Fast Attach 41 | 6 2 . . . 9 12 2 . 10 Attach 13 | . . 2 . . 5 6 . . . Detach 5 | . . . . . 2 3 . . . Swap 14 | . 3 2 . 1 . 7 1 . . Drop 28 | . 5 4 . . 8 7 2 . 2 Fire 110 | . 25 . . 6 28 29 5 . 17 Melee 2 | . . . . . 2 . . . . Ram 21 | . . 3 . . . 12 . . 6 Kick . | . . . . . . . . . . Crush 3 | . 1 . . . 2 . . . . Escape Stasis . | . . . . . . . . . . Rewire 1 | . . . 1 . . . . . . Trap . | . . . . . . . . . . Miscellaneous . | . . . . . . . . . . Route ------- -11/Scrapyard -10/Materials (discovered 2 exits: *Mat / *Min) -10/Mines (discovered 2 exits: *Mat / *Exi) -10/Exiles (discovered 2 exits: *Min x2) -9/Mines -8/Materials -7/Factory -7/Waste -7/Factory -7/DSF (discovered 1 exit: [*Fac]) History --------- Turn | Location | Event 4 | -11/Scrapyard | Discovered new exit (range 16) 116 | -11/Scrapyard | Entered Materials 304 | -10/Materials | Build established: Mutant 446 | -10/Materials | Discovered new exit (range 15) 914 | -10/Materials | Discovered new exit (range 5) 920 | -10/Materials | Identified exit to Materials 1071 | -10/Materials | Identified exit to Mines 1076 | -10/Materials | Entered Mines 1114 | -10/Mines | Met a Derelict bent on vengeance 1329 | -10/Mines | Received a Rocket Launcher from a helpful Derelict 1343 | -10/Mines | Deemed a non-threat by the Exiles lab entrance 1344 | -10/Mines | Discovered new exit (range 5) 1345 | -10/Mines | Identified exit to Exiles 1365 | -10/Mines | Assisted by bots powering up and referring to "LRC-V3" 1383 | -10/Mines | Found a damaged Exp. Sensor Array with a note attached 1390 | -10/Mines | Found Prototype Device 1468 | -10/Mines | Discovered exit to Materials (range 7) 1531 | -10/Mines | Entered Exiles 1531 | -10/Exiles | Accompanied by 3 allies 1546 | -10/Exiles | Met 8R-AWN 1554 | -10/Exiles | Met EX-HEX 1572 | -10/Exiles | Met EX-BIN 1581 | -10/Exiles | Aligned with FarCom system 1582 | -10/Exiles | Given EX-Vault access code 1632 | -10/Exiles | Met EX-DEC 1636 | -10/Exiles | Learned location of Zion (-7) 1666 | -10/Exiles | Discovered new exit (range 11) 1671 | -10/Exiles | Identified exit to Mines 1723 | -10/Exiles | Visited The Gauntlet 1844 | -10/Exiles | Discovered exit to Mines (range 15) 1891 | -10/Exiles | Entered Mines 1891 | -9/Mines | Accompanied by 3 allies 1901 | -9/Mines | Learned location of 1 exit from Proximity Caves 1902 | -9/Mines | Discovered new exit (range 15) 1913 | -9/Mines | Identified exit to Materials 2002 | -9/Mines | Assembled infested the area 2007 | -9/Mines | Assisted by a Guerilla fighting off Assembled 2038 | -9/Mines | Entered Materials 2038 | -8/Materials | Evolved 4 slots: Power x1, Propulsion x1, Utility x1, Weapon x1 2038 | -8/Materials | Identified Exp. Sensor Array 2054 | -8/Materials | Lost 3 allies 2424 | -8/Materials | Build established: Scavenger-Assassin 2611 | -8/Materials | Lost 4 parts (1p1u2w) 2867 | -8/Materials | Build established: Mutant 3117 | -8/Materials | Discovered new exit (range 15) 3122 | -8/Materials | Identified exit to Factory 3126 | -8/Materials | Entered Factory 3126 | -7/Factory | Evolved 2 slots: Utility x1, Weapon x1 3130 | -7/Factory | Identified exit to DSF 3142 | -7/Factory | Lost 3 parts (1p2u) 4162 | -7/Factory | Build established: Scavenger-Skirmisher 4497 | -7/Factory | Build established: Scavenger-Scout 5275 | -7/Factory | Sucked down chute 5275 | -7/Factory | Entered Waste 5275 | -7/Waste | The area was eerily silent 5276 | -7/Waste | Met a frightened Derelict 5360 | -7/Waste | Discovered new exit (range 12) 5366 | -7/Waste | Identified exit to Factory 5395 | -7/Waste | A Compactor rumbled back to life 5396 | -7/Waste | Spotted C-40 Crusher 5456 | -7/Waste | Entered Factory 5459 | -7/Factory | Identified exit to DSF 5460 | -7/Factory | Entered DSF 5489 | -7/DSF | Additional patrols routed to DSF 5548 | -7/DSF | Core integrity fell below 50% 5548 | -7/DSF | Discovered new exit (range 18) 5643 | -7/DSF | Core integrity fell below 20% 5647 | -7/DSF | Lost 4 parts (1p2n1w) 5736 | -7/DSF | Lost 4 parts (1p1n2w) 5756 | -7/DSF | Destroyed by X-67 Chaingunner with Minigun Last Messages --------------- 05698_ Matter Repository disabled. 05701_ VSS Leg destroyed. 05702_ Destroyed Kinecellerator. 05703_ Hvy. Particle Cannon destroyed. 05705_ Nuclear Core destroyed. 05707_ Overheating: System interference. 05707_ Hvy. Particle Cannon temporarily disabled. 05707_ Adv. Targeting Computer temporarily disabled. 05707_ Hvy. Particle Cannon temporarily disabled. 05713_ Acquired 32 matter. 05717_ Acquired Hvy. Particle Cannon. 05724_ X-67 Chaingunner destroyed. 05731_ Acquired Hvy. Particle Cannon. 05741_ Hvy. Particle Cannon destroyed. 05751_ Visual Processing Unit destroyed. 05751_ Critical hit (Blast). 05756_ Hvy. Particle Cannon destroyed. Map ----- +----------------------------------------------------+ | | | | | | | ????????????????????????????????????? | | ????????????????????????????????????? | | ????????????????????????????????????? | | ????????????????????????###?????????? | | ????????????????????????#""?????????? | | ????????????????????????#"#?????????? | | ???????#########???????##"####??????? | | ???##??# !!! #########"%"""#??????? | | #!!#!!!# !!! *# # ##"%"""#??????? | | /%! % %"##"#???? | | *=% ! """""#???? | | #!!#!!!### ### # ## [ ""####???? | | ???#!????# / #?# # ###% ###??????? | | ???????? =% ?########## ##???????? | | ???????# ????????#]] #???????? | | ???????# ???????#]]! #???????? | | ???????### ##???????###]!##???????? | | ?????????! !????????# %x[[#???????? | | ????????!! !????????#!!!! #???????? | | ????????!! !????????# ! #???????? | | ???????### #????????### ###??????? | | ?????????# ??????# ???# !!#??????? | | ????????? ??#]]]# ##@ !!#??????? | | ??????? % ]]#??????? | | ??????? H C ]]#??????? | | ??????? ]]#??????? | | ????????# ##!!!# ## !!#??????? | | ????????## ??#!!?# ?# !!#??????? | | ?????????? ??#???###??######??????? | | ????????????????????????????????????? | | ????????????????????????????????????? | | ????????????????????????????????????? | | ????????????????????????????????????? | | ????????????????????????????????????? | | ????????????????????????????????????? | | ????????????????????????????????????? | | ????????????????????????????????????? | | ????????????????????????????????????? | | ????????????????????????????????????? | | ????????????????????????????????????? | | ????????????????????????????????????? | | ????????????????????????????????????? | | ????????????????????????????????????? | | ????????????????????????????????????? | | ????????????????????????????????????? | | ????????????????????????????????????? | | ????????????????????????????????????? | +----------------------------------------------------+ Best States ------------- Heat Dissipation 34 Energy Generation 23 Energy Capacity 305 Matter Stores 300 Matter Capacity 300 Sight Range 18 Robot Scan Range 20 Terrain Scan Density 10 Additional Mass Support 6 Utility Shielding 66 Evasion (%) 63 Targeting Accuracy 8 Recoil Reduction 2 Offensive Hacking 20 Item Schematics ----------------- Imp. VTOL Module | -7/Factory | Scanalyzed Robot Schematics ------------------ None Fabricated ------------ Nothing Alien Tech Used ----------------- None Achievements -------------- None Challenges ------------ None Game ------ Seed SpliceElectronShield Manual? 0 Play Time 01:13:22 Cumulative 7.5 hours Start 2024.05.11 @ 11:02:57 End 2024.05.11 @ 15:57:40 Sessions 1 Manual Loads 0 Difficulty Rogue Special Mode None Game No. 14 Rogue 14 Adventurer 0 Explorer 0 Win Type - Total 0 Types 0/0/0/0/0/0/0/0/0 Lore% 13 Gallery% 18 Achievement% 14 Wizard Run 0 Options --------- Layout 1 ASCII 0 Keyboard 0 Movement Numpad Keybinds 0 Fullscreen 1 Font 24/Smallcaps Map View 50x35 Zoom Use 0% Tactical HUD 1 Map Filters NONE Filters NONE Steam 1 RUN: df2e0c35-028c-443f-8e06-b86be37d8f0a